 Dungeon Crawl Stone Soup version 0.21.1-1-g345015f (webtiles) character file.

44 prawnwizard the Sneak (level 3, -4/16 HPs)
             Began as a Spriggan Enchanter on June 30, 2018.
             Killed by nerve-wracking pain
             ... invoked by Jessica
              (13 damage)
             ... on level 2 of the Dungeon.
             The game lasted 00:06:51 (1211 turns).

prawnwizard the Sneak (Spriggan Enchanter)          Turns: 1211, Time: 00:06:52

Health: -4/16      AC:  2    Str:  4    XL:     3   Next: 39%
Magic:  8/8        EV: 19    Int: 17    God:
Gold:   31         SH:  0    Dex: 16    Spells: 5/8 levels left

rFire    . . .     SeeInvis +   e - +2 short sword (holy)
rCold    . . .     Gourm    .   (shield restricted)
rNeg     . . .     Faith    .   b - +0 robe
rPois    .         Spirit   .   (helmet restricted)
rElec    .         Reflect  .   (no cloak)
rCorr    .         Harm     .   (gloves unavailable)
MR       .....                  (boots unavailable)
Stlth    +++.......             (no amulet)
HPRegen  0.05/turn              (no ring)
MPRegen  0.11/turn              (no ring)

@: very quick
A: very small, unfitting armour, see invisible, herbivore, speed 3, slow
metabolism 2
a: no special abilities


You were on level 2 of the Dungeon.
You were not hungry.

You visited 1 branch of the dungeon, and saw 2 of its levels.

You collected 31 gold pieces.

Inventory:

Hand Weapons
 a - a +1 dagger
 e - a +2 short sword of holy wrath (weapon)
 h - a +0 hunting sling
Armour
 b - a +0 robe (worn)
Scrolls
 g - a scroll of fear {unknown}
 i - a scroll of noise {unknown}
 j - a scroll of teleportation {unknown}
Potions
 f - a potion of berserk rage {unknown}
 k - a potion of flight {unknown}
Books
 c - a book of Maledictions

   Spells                             Type                      Level
   a - Corona                         Hexes                        1
   b - Ensorcelled Hibernation        Hexes/Ice                    2
   c - Confuse                        Hexes                        3
   d - Tukima's Dance                 Hexes                        3
   e - Dazzling Spray                 Conjuration/Hexes            3
Comestibles
 d - 2 rations


   Skills:
 - Level 1.1 Short Blades
 + Level 3.5 Dodging
 + Level 5.2 Stealth
 - Level 3.0 Spellcasting
 * Level 4.4 Hexes


You had 5 spell levels left.
You knew the following spells:

 Your Spells              Type           Power        Failure   Level  Hunger
a - Corona                Hex            ###....      2%          1    None
b - Ensorcelled Hibernat  Hex/Ice        ##....       11%         2    ##.....


Dungeon Overview and Level Annotations

Branches:
Dungeon (2/15)

Altars:

Annotations:
D:2 Jessica


Innate Abilities, Weirdness & Mutations

You are very small and have problems with some larger weapons.
You are too small for most types of armour.
You have supernaturally acute eyesight. (SInv)
You are a herbivore.
You cover ground extremely quickly.
You need consume almost no food.


Message History

The bat closely misses you. The rat closely misses you.
Jessica closely misses you. The bat closely misses you.
You hit Jessica.
Jessica is heavily wounded.
The bat barely misses you. The bat hits you. The rat closely misses you.
Jessica misses you.
You hit Jessica but do no damage.
Jessica is heavily wounded.
The bat closely misses you. The rat barely misses you.
Jessica barely misses you.
You hit Jessica.
Jessica is heavily wounded.
The bat barely misses you. The rat closely misses you.
Jessica drinks a potion.
Jessica is healed!
You hit Jessica but do no damage. The bat misses you.
The bat completely misses you. The rat completely misses you.
Jessica casts a spell at you. Pain shoots through your body!
Ouch! That really hurt!
You die...

#.#.#######.#
#.#.###
#....>#
###.#.#
##.#.#
####....####
#..........#
#.##.br..#.#
# ##@###....
#@# .... #.#
### ##. . ..
.. .#.


You could see Jessica, a bat and a rat.

Vanquished Creatures
  An adder (D:2)
  An ooze (D:2)
  2 dart slugs (D:1)
  3 bats
  A giant cockroach (D:1)
  3 goblins
  6 hobgoblins
  2 frilled lizards (D:2)
  3 kobolds (D:1)
  5 rats
27 creatures vanquished.

Notes
Turn   | Place    | Note
-------+----------+-------------------------------------------
     0 | D:1      | prawnwizard the Spriggan Enchanter began the quest for the Orb.
     0 | D:1      | Reached XP level 1. HP: 9/9 MP: 5/5
   570 | D:1      | Reached XP level 2. HP: 13/13 MP: 7/7
   837 | D:1      | Learned a level 2 spell: Ensorcelled Hibernation
  1007 | D:2      | Reached skill level 5 in Stealth
  1053 | D:2      | Reached XP level 3. HP: 13/16 MP: 5/8
  1202 | D:2      | Noticed Jessica
  1211 | D:2      | Killed from afar by Jessica

Skill      XL: |  1  2 |
---------------+-------+-----
Spellcasting   | 3 |  3.0
Hexes          | 4 |  4.4
Stealth        | 5 |  5.2
Short Blades   | |  1.1
Dodging        | |  3.5

Action                   || total
-------------------------++-------
Melee: Dagger            ||    18
       Short sword       ||    63
 Cast: Corona            ||     3
       Ensorcelled Hiber ||     2
 Stab: Sleeping          ||     6
       Distracted        ||     1
Armor: Robe              ||     7
Dodge: Dodged            ||    78
